 Dungeon Crawl Stone Soup version 0.29.1-15-g9cfb28693d (webtiles) character file.

Game seed: 4830316256747367485

71 Acheron the Chopper (level 4, 0/27 HPs)
             Began as a Gargoyle Gladiator on May 1, 2023.
             Slain by Edmund
             ... wielding a +2 vorpal flail
              (2 damage)
             ... on level 4 of the Dungeon.
             The game lasted 00:08:38 (2337 turns).

Acheron the Chopper (Gargoyle Gladiator)            Turns: 2337, Time: 00:08:38

Health: 0/27       AC: 11    Str: 17    XL:     4   Next: 24%
Magic:  4/4        EV: 11    Int:  9    God:
Gold:   157        SH:  0    Dex: 13    Spells: 3/3 levels left

rFire   . . .      SeeInvis .   a - +2 war axe (vamp)
rCold   . . .      Faith    .   (no shield)
rNeg    + . .      Spirit   .   j - +0 ring mail
rPois   ∞          Reflect  .   c - +0 helmet
rElec   +          Harm     .   (no cloak)
rCorr   .          Rampage  .   t - +0 pair of gloves
Will    .....                   (no boots)
Stlth   +.........              (no amulet)
HPRegen 0.09/turn               (no ring)
MPRegen 0.09/turn               (no ring)

@: no status effects
A: sickness immunity, AC +3, negative energy resistance 1, electricity
resistance, torment resistance 1, petrification resistance
a: no special abilities


You were on level 4 of the Dungeon.
You visited 1 branch of the dungeon, and saw 4 of its levels.

You collected 157 gold pieces.

Inventory:

Hand Weapons
 a - a +2 vampiric war axe (weapon)
 k - a +0 whip of electrocution
 p - the +5 scythe "Finisher" {speed, eviscerate}
   (You found it on level 2 of the Dungeon)

   Attacks with this weapon are significantly faster.
   It may eviscerate those it strikes, slaying them instantly, with a decreasing
   chance against stronger foes.
Missiles
 e - a javelin (quivered)
Armour
 b - a +0 leather armour
 c - a +0 helmet (worn)
 j - a +0 ring mail (worn)
 t - a +0 pair of gloves (worn)
Magical Staves
 q - a staff of poison
Wands
 n - a wand of digging (8)
Potions
 f - a potion of curing
 g - a potion of might {unknown}
 h - a potion of lignification {unknown}
 i - a potion of flight
 m - a potion of heal wounds {unknown}
 o - a potion of brilliance {unknown}
 r - 3 potions of resistance {unknown}
 u - a potion of degeneration {unknown}


   Skills:
 * Level 2.7 Fighting
 + Level 3.6 Axes
 * Level 1.8 Throwing
 * Level 1.3 Armour
 * Level 2.8 Dodging
 * Level 0.1 Stealth


You had 3 spell levels left.
You didn't know any spells.
Your spell library contained the following spells:

 Spells                   Type           Power      Damage    Failure   Level
 Freeze                   Ice            0%         1d3       58%         1
 Scorch                   Fire           0%         2d5       75%         2
 Frozen Ramparts          Ice            0%         1d1       92%         3
 Flame Wave               Conj/Fire      0%         2d4       100%        4
 Hailstorm                Conj/Ice       0%         3d3       100%        4
 Summon Cactus Giant      Summ           0%         N/A       100%        6


Dungeon Overview and Level Annotations

Branches:
Dungeon (4/15)
 Temple: D:4-7

Altars:

Annotations:
D:3 Eustachio
D:4 Edmund


Innate Abilities, Weirdness & Mutations

You are immune to sickness and miasma.
Your stone body is resilient. (AC +3)
You are immune to poison.
You resist negative energy. (rN+)
You are resistant to electric shocks. (rElec)
You are resistant to unholy torment.
You are immune to petrification.


Message History

Throw: throwing net
Press: ? - help, Q - select action, (/) - cycle Shift-Dir - straight line, f/p - Edmund
Aim: Edmund, wielding a +2 vorpal flail and wearing a +0 ring mail (lightly wounded, 61% to hit)
You throw a throwing net. The throwing net hits Edmund.
Edmund is caught in the net!
Edmund is lightly wounded.
Edmund struggles against the net.
You hit Edmund but do no damage.
Edmund is lightly wounded.
Edmund struggles against the net. x2
You hit Edmund but do no damage. Your punch misses Edmund.
Edmund is lightly wounded.
Edmund struggles against the net.
You catch the helpless Edmund completely off-guard!
You slash Edmund!
You feel better.
Edmund is moderately wounded.
Edmund struggles against the net.
You catch the helpless Edmund completely off-guard!
You hit Edmund.
Edmund is moderately wounded.
Edmund struggles against the net.
The net rips apart, and Edmund comes free!
Edmund hits you with a +2 vorpal flail!
You closely miss Edmund.
Edmund is moderately wounded.
Edmund hits you but does no damage.
You hit Edmund.
Edmund is moderately wounded.
Edmund hits you with a +2 vorpal flail.
* * * LOW HITPOINT WARNING * * *
x2 You feel better.
Edmund hits you with a +2 vorpal flail.
* * * LOW HITPOINT WARNING * * *
x2 You hit Edmund.
Edmund is heavily wounded.
Edmund barely misses you.
You hit Edmund.
You feel better.
You punch Edmund, but do no damage.
Edmund is heavily wounded.
Edmund hits you but does no damage. Edmund hits you with a +2 vorpal flail!
* * * LOW HITPOINT WARNING * * *
You die...

.. . .# .# .
.# # ... ...#
.....#####.#.#
(.....@@.#...
......##.#.#
###+# #<...#
#....#.#
######.# .# .#
+#


You could see Edmund.

Vanquished Creatures
  2 adders (D:2)
  A dart slug (D:2)
  8 ball pythons
  6 endoplasms
  5 goblins
  6 hobgoblins
  2 quokkas
  4 bats (D:1)
  3 frilled lizards
  5 kobolds
  5 rats (D:1)
47 creatures vanquished.

Notes
Turn   | Place    | Note
-------+----------+-------------------------------------------
     0 | D:1      | Acheron the Gargoyle Gladiator began the quest for the Orb.
     0 | D:1      | Reached XP level 1. HP: 12/12 MP: 1/1
   296 | D:1      | Reached XP level 2. HP: 13/18 MP: 2/2
   409 | D:2      | Found the +5 scythe "Finisher" {speed, eviscerate}
   432 | D:1      | Reached skill level 3 in Axes
   827 | D:1      | Reached XP level 3. HP: 22/22 MP: 3/3
  1274 | D:2      | Reached skill level 1 in Armour
  1396 | D:3      | Found a faded altar of an unknown god.
  1470 | D:2      | Reached XP level 4. HP: 23/27 MP: 4/4
  1848 | D:4      | Noticed Eustachio
  1848 | D:4      | Noticed a phantom
  2320 | D:4      | Noticed Edmund
  2337 | D:4      | Slain by Edmund

Illustrated notes

Levels and vault maps discovered:
D:1:      wander_arrival_estate, layout_basic
D:2:      layout_rooms
D:3:      layout_loops_cross, ebering_ecumenical_altar_mist
D:4:      layout_basic, nicolae_tso_besieged_by_evil,
          eat_drink_and_be_merry_uskayaw, serial_shops, shop,
          chequers_serial_rivers_room_b, kennysheep_generic_room_5, uniq_edmund,
          uniq_menkaure, uniq_eustachio

Skill      XL: |  1  2  3 |
---------------+----------+-----
Axes           | 3 |  3.6
Armour         | 1 |  1.3
Fighting       | |  2.7
Throwing       | |  1.8
Dodging        | |  2.8
Stealth        | |  0.1

Action                   |  1- 3 |  4- 6 || total
-------------------------+-------+-------++-------
Melee: War axe           |    78 |    51 ||   129
       Punch             |     1 |     1 ||     2
Throw: Throwing net      |       |     3 ||     3
  Use: Scroll            |     5 |     6 ||    11
       Potion            |       |     3 ||     3
 Stab: Held in net/web   |       |     2 ||     2
Armor: Leather armour    |    17 |       ||    17
       Ring mail         |    45 |    23 ||    68
Dodge: Dodged            |    66 |    39 ||   105
